 Dungeon Crawl Stone Soup version 0.29-a0-355-g7276a9ff7f (webtiles) character file.

Game seed: 13926082763935329922

559 Flugkiller the Sneak (level 7, -9/49 HPs)
             Began as an Octopode Cinder Acolyte on Apr 25, 2022.
             Was a High Priest of Ignis.
             Mangled by an ice beast (10 damage)
             ... on level 5 of the Dungeon.
             The game lasted 00:04:01 (4218 turns).

Flugkiller the Sneak (Octopode Cinder Acolyte)      Turns: 4218, Time: 00:04:02

Health: -9/49      AC:  1    Str: 19    XL:     7   Next: 31%
Magic:  0/8        EV: 14    Int: 17    God:    Ignis [*****.]
Gold:   185        SH:  0    Dex:  9    Spells: 6/8 levels left

rFire   + . .      SeeInvis .   a - -1 spear (flame)
rCold   . . .      Faith    .   (no shield)
rNeg    . . .      Spirit   .   (helmet restricted)
rPois   .          Reflect  .   (no amulet)
rElec   .          Harm     .   i - +6 ring of strength
rCorr   .          Rampage  .   (no ring)
Will    .....                   (no ring)
Stlth   ++++......              (no ring)
HPRegen 0.16/turn               (no ring)
MPRegen 0.11/turn               (no ring)
                                (no ring)
                                (no ring)

@: no status effects
A: almost no armour, amphibious, 8 rings, camouflage 1, gelatinous body 1,
(nimble swimmer 1), tentacles
a: Renounce Religion, Fiery Armour, Foxfire Swarm, Rising Flame


You were on level 5 of the Dungeon.
You worshipped Ignis.
Ignis was extremely pleased with you.
You visited 1 branch of the dungeon, and saw 5 of its levels.

You collected 185 gold pieces.

Inventory:

Hand Weapons
 a - a -1 spear of flaming (weapon)
 c - a +0 morningstar
   (You found it on level 1 of the Dungeon)
 j - a +0 broad axe
   (You found it on level 2 of the Dungeon)
Missiles
 e - 9 curare-tipped darts (quivered)
Armour
 g - a +0 buckler
   (You found it on level 4 of the Dungeon)
Jewellery
 i - a +6 ring of strength (left tentacle)
   (You found it on level 2 of the Dungeon)
Wands
 m - a wand of iceblast (14)
   (You found it on level 5 of the Dungeon)
 n - a wand of acid (6)
   (You found it on level 3 of the Dungeon)
 p - a wand of polymorph (8)
   (You took it off Ijyb on level 3 of the Dungeon)
Scrolls
 d - a scroll of teleportation {unknown}
 f - a scroll of enchant weapon
 k - a scroll of fear
 l - a scroll of magic mapping
 s - a scroll of fog
 u - a scroll of amnesia {unknown}
 v - a scroll of vulnerability {unknown}
Potions
 b - 2 potions of mutation
 h - 2 potions of magic
 o - a potion of ambrosia {unknown}
 q - 4 potions of curing
 t - a potion of might {unknown}
 w - 3 potions of heal wounds


   Skills:
 + Level 4.6 Fighting
 - Level 3.0 Polearms
 - Level 5.0 Dodging
 - Level 5.0 Stealth
 - Level 1.0 Spellcasting
 - Level 3.0 Fire Magic
 - Level 2.0 Evocations


You had 6 spell levels left.
You knew the following spells:

 Your Spells              Type           Power      Damage    Failure   Level
a - Scorch                Fire           22%        2d6       10%         2

Your spell library contained the following spells:

 Spells                   Type           Power      Damage    Failure   Level
 Malign Gateway           Summ/Tloc      0%         N/A       100%        7
 Summon Horrible Things   Summ           0%         N/A       100%        8


Dungeon Overview and Level Annotations

Branches:
Dungeon (5/15)
 Temple: D:4-7

Altars:
Cheibriados
Hepliaklqana

Annotations:
D:5 Eustachio


Innate Abilities, Weirdness & Mutations

You cannot wear most types of armour.
You are amphibious.
You can wear up to eight rings at the same time.
Your skin changes colour to match your surroundings (Stealth+).
Your rubbery body absorbs attacks. (AC +1, EV +1)
((You are camouflaged when in or above water. (Stealth+)))
You have tentacles for arms and can constrict up to eight enemies at once.


Message History

Your magical contamination has completely faded away.
You start resting.
Magic restored.
You start resting.
Your fiery armour burns out.
You see here an adder corpse.
You now have 179 gold pieces (gained 8).
You now have 185 gold pieces (gained 6).
A kobold comes into view. It is wielding a +0 dagger.
A kobold is nearby!
A kobold is nearby!
A kobold brigand and a kobold come into view.
The kobold brigand is wielding a +0 club and quivering poisoned darts.
The kobold brigand shouts!
The kobold shouts!
The kobold brigand throws a poisoned dart.
The poisoned dart hits you.
You are poisoned.
The kobold throws a stone.
The stone misses you.
Found 2 scrolls of identify.
Found a stone staircase leading down.
You feel sick.
You reach to attack!
You hit the kobold brigand. You burn the kobold brigand.
The kobold brigand is lightly wounded.
You feel sick.
Casting: Scorch (safe; 10% risk of failure)
Confirm with . or Enter, or press ? or * to list all spells.
Flames lash the kobold.
You kill the kobold!
You feel sick.
The kobold brigand hits you with a +0 club.
You hit the kobold brigand. You burn the kobold brigand.
You grab the kobold brigand.
The kobold brigand is moderately wounded.
You constrict the kobold brigand.
The kobold brigand hits you with a +0 club.
The kobold hits you with a +0 dagger.
You hit the kobold brigand. You burn the kobold brigand.
The kobold brigand is heavily wounded.
You constrict the kobold brigand.
You feel sick. The kobold brigand barely misses you.
The kobold hits you with a +0 dagger.
You hit the kobold brigand. You burn the kobold brigand.
The kobold brigand is almost dead.
You constrict the kobold brigand.
You feel sick.
You are no longer poisoned.
The kobold brigand hits you with a +0 club.
The kobold hits you with a +0 dagger.
You hit the kobold brigand. You burn the kobold brigand.
You kill the kobold brigand!
The kobold barely misses you.
You barely miss the kobold. You grab the kobold. You constrict the kobold.
The kobold misses you.
You hit the kobold but do no damage.
You tentacle-slap the kobold, but do no damage.
The kobold is moderately wounded.
You constrict the kobold.
You kill the kobold!
Found a scroll labelled BOC YBBIESO and a scroll of noise.
Items here: ( )) †.
Things that are here:
a +0 club; 4 poisoned darts You start resting.
Magic restored.
You start resting.
An ice beast comes into view.
You start resting.
An ice beast is nearby!
Casting: Scorch (safe; 10% risk of failure)
Confirm with . or Enter, or press ? or * to list all spells.
Flames lash the ice beast.
The ice beast melts!
The ice beast is moderately wounded.
The ice beast's fire resistance burns away.
Casting: Scorch (safe; 10% risk of failure)
Confirm with . or Enter, or press ? or * to list all spells.
Flames lash the ice beast.
The ice beast melts!
The ice beast is heavily wounded.
Casting: Scorch (safe; 10% risk of failure)
Confirm with . or Enter, or press ? or * to list all spells.
Flames lash the ice beast.
The ice beast melts!
The ice beast is severely wounded.
The ice beast hits you. The ice beast freezes you!
You are too injured to fight recklessly!
You are too injured to fight recklessly!
You closely miss the ice beast.
The ice beast is severely wounded.
The ice beast hits you. The ice beast freezes you!
* * * LOW HITPOINT WARNING * * *
Casting: Scorch (safe; 10% risk of failure)
Confirm with . or Enter, or press ? or * to list all spells.
Flames lash the ice beast.
The ice beast is severely wounded.
The ice beast hits you.
* * * LOW HITPOINT WARNING * * *
The ice beast freezes you.
* * * LOW HITPOINT WARNING * * *
Aiming: Corrosive Bolt
Press: ? - help, Shift-Dir - straight line, f - ice beast
Aim: an ice beast (severely wounded, more vulnerable to fire, 71% to hit)
The bolt of acid misses the ice beast.
The ice beast hits you.
* * * LOW HITPOINT WARNING * * *
The ice beast freezes you!
You die...

#.......###
.#........#########
...........##..#..#
#.................#
#.............#..##
##.............#...#
####..##..............#
..............Y..#...#
...............@.#####
#........#....##
#.......##...##
##.......##...#
##.....#......##
#..#...#...#..#
.#.....##.....##
.<....####....# ..#.†##
##....#


You could see an ice beast (combustible).

Vanquished Creatures
  A black bear (D:4)
  An ice beast (D:5)
  A kobold brigand (D:5)
  A howler monkey (D:5)
  A jelly (D:4)
  4 iguanas
  Ijyb (D:3)
  2 adders
  A white imp (D:4)
  A worm (D:3)
  2 dart slugs
  10 endoplasms
  3 giant cockroaches (D:2)
  14 goblins
  4 hobgoblins
  3 jackals (D:2)
  7 kobolds
  4 quokkas
  3 ball pythons
  4 bats
  2 frilled lizards (D:1)
  6 rats
76 creatures vanquished.

Notes
Turn   | Place    | Note
-------+----------+-------------------------------------------
     0 | D:1      | Flugkiller the Octopode Cinder Acolyte began the quest for
                  | the Orb.
     0 | D:1      | Reached XP level 1. HP: 16/16 MP: 2/2
   141 | D:1      | Reached skill level 1 in Stealth
   169 | D:1      | Reached skill level 1 in Dodging
   169 | D:1      | Reached XP level 2. HP: 18/21 MP: 3/3
   700 | D:2      | Found a hazy altar of Hepliaklqana.
   717 | D:2      | Reached XP level 3. HP: 15/26 MP: 4/4
   856 | D:1      | Learned a level 2 spell: Scorch
  1158 | D:2      | Found a faded altar of an unknown god.
  1695 | D:3      | Noticed Ijyb
  1709 | D:3      | Killed Ijyb
  1710 | D:3      | Reached XP level 4. HP: 31/31 MP: 3/5
  2248 | D:3      | Found a snail-covered altar of Cheibriados.
  2820 | D:4      | Noticed a black bear
  2832 | D:4      | Killed a black bear
  2833 | D:4      | Reached skill level 5 in Stealth
  2833 | D:4      | Reached XP level 5. HP: 21/36 MP: 1/6
  3003 | D:4      | Reached XP level 6. HP: 11/42 MP: 0/7
  3503 | D:5      | Entered Level 5 of the Dungeon
  3503 | D:5      | Noticed an ice beast
  3511 | D:5      | Killed an ice beast
  3512 | D:5      | Reached skill level 5 in Dodging
  3512 | D:5      | Reached skill level 1 in Evocations
  3794 | D:5      | Noticed Eustachio
  3912 | D:5      | Reached XP level 7. HP: 37/46 MP: 4/8
  4217 | D:5      | HP: 2/49 [ice beast (5)]
  4218 | D:5      | Mangled by an ice beast

Illustrated notes

Levels and vault maps discovered:
D:1:      amcnicky_arrival_double_pillar, layout_loops_cross,
          minmay_small_reverse_x
D:2:      layout_basic, hellmonk_ecumenical_altar_slurped_away, basic_altar,
          eino_tiny_chamber, roderic_st_hans_cross, grunt_decor_cap
D:3:      layout_loops_ring, cheibrodos_worm_habitat, uniq_ijyb
D:4:      cheibrodos_greedy_goblins, layout_loops_ring
D:5:      layout_cave_pools, uniq_blork_the_orc, uniq_eustachio

Skill      XL: |  1  2  3  4  5  6  7 |
---------------+----------------------+-----
Stealth        | 1 2 3 5 |  5.0
Dodging        | 1 2 3 4 5 |  5.0
Evocations     | 2 |  2.0
Fighting       | 4 |  4.6
Polearms       | |  3.0
Spellcasting   | |  1.0
Fire Magic     | |  3.0

Action                   |  1- 3 |  4- 6 |  7- 9 || total
-------------------------+-------+-------+-------++-------
Melee: Spear             |    84 |    75 |    20 ||   179
       Tentacles         |    13 |    11 |     3 ||    27
       Constrict         |    11 |    12 |     4 ||    27
       Unarmed           |     8 |       |       ||     8
       Punch             |     1 |     1 |     1 ||     3
 Cast: Scorch            |     1 |    14 |     6 ||    21
Invok: Fiery Armour      |       |     1 |       ||     1
Evoke: Wand              |       |     1 |     1 ||     2
  Use: Scroll            |       |    10 |       ||    10
 Stab: Sleeping          |    19 |     4 |       ||    23
       Confused          |     1 |       |       ||     1
Armor: Skin              |     3 |     1 |     1 ||     5
Dodge: Dodged            |    30 |    22 |    14 ||    66

Table legend: (Time is in decaauts)
 A = Elapsed time spent in this place.
 B = Non-inter-level travel time spent in this place.
 C = Inter-level travel time spent in this place.
 D = Time resting spent in this place.
 E = Time spent auto-exploring this place.
 F = Levels seen in this place.
 G = Mean time per level.
                   A        B        C        D        E       F      G
               +--------+--------+--------+--------+--------+-----+--------+
         Total |   4212 |   4058 |    154 |   1162 |   2245 |   5 |  842.4 |
       Dungeon |   4212 |   4058 |    154 |   1162 |   2245 |   5 |  842.4 |
               +--------+--------+--------+--------+--------+-----+--------+

Top non-repeatable levels by time:
     D:4: 1384 daAuts
     D:2: 820 daAuts
     D:1: 777 daAuts
     D:3: 752 daAuts
     D:5: 477 daAuts
